 Dungeon Crawl Stone Soup version 0.21.1-1-g345015fe64 (webtiles) character file.

37230 Jannitor the Fighter (level 13, 0/111 HPs)
             Began as a Barachi Berserker on May 28, 2018.
             Was an Elder of Trog.
             Succumbed to a ghost moth's poison
             ... on level 12 of the Dungeon.
             The game lasted 00:29:23 (20407 turns).

Jannitor the Fighter (Barachi Berserker)           Turns: 20407, Time: 00:29:23

Health: 0/111      AC: 18    Str: 22      XL:     13   Next: 95%
Magic:  1/21       EV: 14    Int:  3 (6)  God:    Trog [****..]
Gold:   490        SH:  0    Dex: 13      Spells: 12/12 levels left

rFire    + . .     SeeInvis .   O - +7 battleaxe (chop)
rCold    + . .     Gourm    .   (shield currently unavailable)
rNeg     . . .     Faith    .   T - +1 chain mail of Hedonism {rElec MR+++ Int-2} (curse)
rPois    .         Spirit   .   (no helmet)
rElec    +         Reflect  .   (no cloak)
rCorr    .         Harm     +   H - +1 pair of gloves
MR       +++++                  k - +1 pair of boots
Stlth    ..........             l - amulet of harm
HPRegen  1.28/turn              I - ring of protection from fire
MPRegen  0.17/turn              A - ring of protection from cold

@: lethally poisoned (0 -> -43), berserk cooldown, regenerating, slowed, very
slow
A: +LOS, swims, slowness 1, strong legs 2
a: Hop, Berserk, Trog's Hand, Brothers in Arms, Burn Spellbooks, Renounce
Religion


You were on level 12 of the Dungeon.
You worshipped Trog.
Trog was greatly pleased with you.
You were near starving.

You visited 3 branches of the dungeon, and saw 15 of its levels.
You also visited: Sewer and Bailey.

You collected 1262 gold pieces.
You spent 772 gold pieces at shops.

Inventory:

Hand Weapons
 K - a +2 antimagic broad axe
 N - a +2 antimagic executioner's axe
 O - a +7 battleaxe of chopping (weapon)
Armour
 k - a +1 pair of boots (worn)
 u - a +0 large shield
 H - a +1 pair of gloves (worn)
 P - a +0 plate armour
 T - the cursed +1 chain mail of Hedonism (worn) {rElec MR+++ Int-2}
   (You bought it in a shop on level 2 of the Orcish Mines)

   It affects your intelligence (-2).
   It insulates you from electricity.
   It affects your resistance to hostile enchantments.
   It has a curse placed upon it.
Jewellery
 g - an uncursed amulet of rage
 i - a +2 ring of dexterity
 l - an amulet of harm (around neck)
 A - a ring of protection from cold (right hand)
 D - an uncursed ring of protection from fire
 G - an uncursed ring of poison resistance
 I - a ring of protection from fire (left hand)
Wands
 v - a wand of polymorph (4)
 w - a wand of iceblast (7)
 F - a wand of flame (59)
 R - a wand of paralysis (14)
Scrolls
 h - a scroll of fog
 q - 6 scrolls of teleportation
 r - 4 scrolls of identify
 s - 2 scrolls of enchant armour
 C - 2 scrolls of remove curse
 L - a scroll of summoning
Potions
 b - a potion of ambrosia
 e - a potion of might
 f - 4 potions of berserk rage
 j - 6 potions of curing
 m - 2 potions of heal wounds
 o - 2 potions of haste
 p - 4 potions of flight
 x - 2 potions of mutation
 B - a potion of invisibility {unknown}
 E - 2 potions of lignification
 M - a potion of brilliance
Books
 y - a book of Minor Magic

   Spells                             Type                      Level
   a - Magic Dart                     Conjuration                  1
   b - Blink                          Translocation                2
   c - Call Imp                       Summoning                    2
   d - Slow                           Hexes                        2
   e - Conjure Flame                  Conjuration/Fire             3
   f - Mephitic Cloud                 Conjuration/Poison/Air       3
   Trog disapproves of the use of such an item.
 Q - a book of Cantrips

   Spells                             Type                      Level
   a - Confusing Touch                Hexes                        1
   b - Animate Skeleton               Necromancy                   1
   c - Summon Small Mammal            Summoning                    1
   d - Apportation                    Translocation                1
   Trog disapproves of the use of such an item.
Comestibles
 c - 7 rations


   Skills:
 + Level 13.1 Fighting
 + Level 12.1 Axes
 + Level 12.8 Armour
 + Level 11.9 Dodging
 + Level 10.7 Evocations


You had 12 spell levels left.
You didn't know any spells.

Dungeon Overview and Level Annotations

Branches:
Dungeon (12/15)            Temple (0/1) D:6            Lair (1/6) D:8
    Orc (2/2) D:10            Elf (0/3) Orc:2

Altars:
Dithmenos
Gozag
Kikubaaqudgha
Makhleb
Qazlal
Sif Muna
Xom
Beogh

Shops:
D:5 =   Orc:2 }([[


Innate Abilities, Weirdness & Mutations

Shadows flee at your approach. (+LOS)
You can swim through water.
You cover ground slowly.
You can hop long distances.


Message History

You feel a bit more experienced.
* * * LOW HITPOINT WARNING * * *
You feel very sick.
Your two-headed ogre rages.
You swap places.
* * * LOW HITPOINT WARNING * * *
You feel very sick.
You feel a strong urge to attack something.
* * * LOW HITPOINT WARNING * * *
You feel very sick.
You are no longer berserk.
You are exhausted.
You feel yourself slow down.
* * * LOW HITPOINT WARNING * * *
You feel very sick.
There is a stone staircase leading up here.
Your skin crawls.
You feel resistant to hostile enchantments.
You are near starving!
You die...

..#
##.#...................
..#
#.........(..$.........
..#
#.#####..#####.#....#
..#####.# #.>#
##.#....### ........###
#..# #........[.
..###.....# #..#
#..#.#####.
#.###.###.###..####..#.#
#.....# #.....OT.......#
#####.###.####..@......#
#.<...# #####.#.#.#
###.### ##.###....[...
#.# ##.## #.#.#### #.#
#.## #..# #.# ####.##
#.# #.# #.....# .# ###
#.# #.####.# # ..# #.#
#.# #.#


You could see a friendly two-headed ogre (berserk) and a friendly troll
(berserk).

Vanquished Creatures
  A ghost moth (D:12)
  An alligator snapping turtle (Orc:2)
  Erica (D:9)
  9 two-headed ogres
  An ogre mage (Orc:1)
  4 orc high priests (Orc:2)
  Urug (D:11)
  8 orc knights
  3 ugly things
  3 orc sorcerers (Orc:2)
  The ghost of mora the Magician, a novice GnWz of Cheibriados (D:6)
  A cyclops (Orc:2)
  An elephant (shapeshifter) (D:10)
  A centaur skeleton (D:10)
  A komodo dragon (Lair:1)
  5 trolls
  The ghost of Chudej the Thaumaturge, a novice DECj of Sif Muna (D:7)
  Prince Ribbit (D:9)
  6 slime creatures (D:12)
  2 hippogriffs
  A wyvern (D:8)
  A shadow (D:12)
  13 yaks
  A human (D:11)
  A basilisk (D:10)
  A steam dragon (D:10)
  6 wargs
  A hungry ghost (D:10)
  An acid dragon (D:12)
  3 sky beasts
  49 orc warriors
  3 ice beasts
  18 ogres
  2 phantoms
  A necrophage (D:10)
  8 centaurs
  2 big kobolds
  7 bullfrogs
  Blork the orc (D:6)
  4 scorpions
  2 wyvern skeletons
  7 killer bees
  2 wights (D:10)
  9 howler monkeys
  A bullfrog zombie (D:9)
  A centaur zombie (D:11)
  3 crimson imps
  A quasit (D:9)
  4 jellies
  3 hounds
  25 orc priests
  3 bullfrog skeletons
  An iguana (D:9)
  23 orc wizards
  6 worker ants
  A killer bee zombie (D:5)
  2 howler monkey zombies
  2 worker ant zombies
  7 gnolls (D:5)
  5 adders
  2 shadow imps
  6 oozes
  An adder zombie (D:10)
  3 worms (D:3)
  7 leopard geckos
  139 orcs
  7 giant cockroaches
  10 goblins
  11 hobgoblins
  4 jackals
  6 quokkas
  2 ball pythons
  10 bats
  5 frilled lizards
  17 kobolds
  A leopard gecko skeleton (D:4)
  A quokka skeleton (D:4)
  15 rats
531 creatures vanquished.

Vanquished Creatures (collateral kills)
  An orc warrior (Orc:2)
1 creature vanquished.

Vanquished Creatures (others)
  An orc priest (Orc:2)
  An orc (Orc:2)
2 creatures vanquished.

Grand Total: 534 creatures vanquished

Notes
Turn   | Place    | Note
-------+----------+-------------------------------------------
     0 | D:1      | Jannitor the Barachi Berserker began the quest for the Orb.
     0 | D:1      | Reached XP level 1. HP: 18/18 MP: 1/1
    81 | D:1      | Reached XP level 2. HP: 24/25 MP: 2/2
   429 | D:1      | Reached skill level 4 in Fighting
   463 | D:1      | Reached ** piety under Trog
   463 | D:1      | Reached XP level 3. HP: 26/30 MP: 3/3
  1470 | D:2      | Reached XP level 4. HP: 23/37 MP: 4/4
  1588 | D:2      | Found a stormy altar of Qazlal.
  2188 | D:3      | Found a faded altar of an unknown god.
  2347 | D:3      | Found a glowing drain.
  2529 | Sewer    | Entered a sewer
  2533 | Sewer    | Reached *** piety under Trog
  2567 | Sewer    | Noticed a big kobold
  2586 | Sewer    | Killed a big kobold
  2586 | Sewer    | Reached XP level 5. HP: 14/43 MP: 5/5
  2797 | Sewer    | Found a white marble altar of Elyvilon.
  3297 | D:3      | Reached skill level 5 in Fighting
  3448 | D:4      | Reached XP level 6. HP: 38/51 MP: 6/6
  4226 | D:5      | Entered Level 5 of the Dungeon
  4261 | D:5      | Found Movehore's Jewellery Shop.
  4290 | D:5      | Reached skill level 5 in Axes
  4414 | D:5      | Reached XP level 7. HP: 56/56 MP: 7/7
  4417 | D:5      | Reached skill level 5 in Armour
  4570 | D:5      | Reached skill level 6 in Fighting
  4602 | D:5      | Reached **** piety under Trog
  4860 | D:5      | Reached skill level 5 in Dodging
  4860 | D:5      | Reached XP level 8. HP: 37/65 MP: 8/8
  5633 | D:6      | Found a staircase to the Ecumenical Temple.
  5754 | D:6      | Noticed Blork the orc
  5771 | D:6      | Killed Blork the orc
  5844 | D:6      | Reached skill level 1 in Evocations
  6182 | D:6      | Reached skill level 7 in Fighting
  6418 | D:6      | Noticed mora's ghost (novice GnWz)
  6469 | D:6      | Killed mora's ghost
  6469 | D:6      | Reached XP level 9. HP: 72/72 MP: 9/11
  6883 | D:7      | Noticed Chudej's ghost (novice DECj)
  6897 | D:7      | Killed Chudej's ghost
  6966 | D:7      | Found a deep blue altar of Sif Muna.
  7015 | D:7      | Received a gift from Trog
  7307 | D:7      | Reached skill level 8 in Fighting
  7566 | D:8      | Found a staircase to the Lair.
  7625 | D:8      | Found an ancient bone altar of Kikubaaqudgha.
  7754 | D:8      | Noticed a two-headed ogre
  7765 | D:8      | Killed a two-headed ogre
  7765 | D:8      | Reached skill level 5 in Evocations
  7765 | D:8      | Reached XP level 10. HP: 25/82 MP: 13/13
  8504 | D:8      | Reached skill level 9 in Fighting
  9097 | D:9      | Reached ***** piety under Trog
  9129 | D:9      | Noticed Prince Ribbit
  9140 | D:9      | Killed Prince Ribbit
  9543 | D:9      | Noticed Erica
  9557 | D:9      | Killed Erica
  9750 | D:9      | Found a shimmering altar of Xom.
  9753 | D:9      | Found a shadowy altar of Dithmenos.
  9756 | D:9      | Found an opulent altar of Gozag.
  9797 | D:10     | Entered Level 10 of the Dungeon
  9873 | D:10     | Reached XP level 11. HP: 48/90 MP: 15/15
  9906 | D:10     | Noticed a two-headed ogre
  9921 | D:10     | Killed a two-headed ogre
  9921 | D:10     | Reached skill level 10 in Fighting
 10171 | D:10     | Found a burning altar of Makhleb.
 10642 | D:10     | Found a staircase to the Orcish Mines.
 10694 | D:10     | Noticed a red ugly thing
 10705 | D:10     | Reached skill level 10 in Armour
 10707 | D:10     | Killed a red ugly thing
 11697 | D:11     | Noticed Urug
 11709 | D:11     | Killed Urug
 11812 | D:11     | Noticed a white ugly thing
 11986 | D:11     | Killed a white ugly thing
 12072 | D:11     | Reached skill level 10 in Axes
 12116 | D:11     | Noticed a white ugly thing
 12126 | D:11     | Killed a white ugly thing
 12277 | D:11     | Noticed a two-headed ogre
 12282 | D:11     | Killed a two-headed ogre
 12282 | D:11     | Reached skill level 11 in Fighting
 12284 | D:11     | Reached XP level 12. HP: 99/99 MP: 16/18
 12356 | D:11     | Received a gift from Trog
 13231 | D:12     | Reached skill level 10 in Dodging
 14110 | D:12     | Noticed a five-headed hydra
 14112 | D:12     | a five-headed hydra changed into something unseen
 14206 | Lair:1   | Entered Level 1 of the Lair of Beasts
 14253 | Lair:1   | Noticed a seven-headed hydra
 14571 | Orc:1    | Entered Level 1 of the Orcish Mines
 14586 | Orc:1    | Found a flagged portal.
 14603 | Bailey   | Entered a bailey
 15045 | Bailey   | HP: 3/100 [orc warrior/halberd (39)]
 15585 | Orc:1    | Received a gift from Trog
 15836 | Orc:1    | Noticed an ogre mage
 15836 | Orc:1    | Noticed a two-headed ogre
 15836 | Orc:1    | Noticed a two-headed ogre
 15836 | Orc:1    | Noticed a two-headed ogre
 15842 | Orc:1    | Killed a two-headed ogre
 15843 | Orc:1    | Killed a two-headed ogre
 15843 | Orc:1    | Reached skill level 12 in Fighting
 15845 | Orc:1    | Killed an ogre mage
 15847 | Orc:1    | Killed a two-headed ogre
 15847 | Orc:1    | Gained mutation: You can hop long distances. [Barachi growth]
 15847 | Orc:1    | Reached XP level 13. HP: 100/108 MP: 6/20
 16152 | Orc:2    | Entered Level 2 of the Orcish Mines
 17864 | Orc:2    | Reached skill level 10 in Evocations
 18085 | Orc:2    | Found a staircase to the Elven Halls.
 18535 | Orc:2    | Noticed an orc warlord
 18566 | Orc:2    | an orc warlord changed into an alligator snapping turtle
 18959 | Orc:2    | Found Wolekeh's Gadget Shoppe.
 19005 | Orc:2    | Found a roughly hewn altar of Beogh.
 19048 | Orc:2    | Received a gift from Trog
 19515 | Orc:2    | Found a roughly hewn altar of Beogh.
 19750 | Orc:2    | Found Heurewuk's Armour Emporium.
 19956 | Orc:2    | Bought the cursed +1 chain mail of Hedonism {rElec MR+++ Int-2} for 330 gold pieces
 19974 | Orc:2    | Found Udemp's Antique Armour Shoppe.
 19983 | Orc:2    | Reached skill level 13 in Fighting
 19988 | Orc:2    | Bought a pair of embroidered gloves for 195 gold pieces
 19993 | Orc:2    | Bought a bloodstained chain mail for 247 gold pieces
 19993 | Orc:2    | Identified the +4 chain mail of Altruism {rElec rF- rN+ Str+2 Dex-5} (You bought it in a shop on level 2 of the Orcish Mines)
 20126 | Orc:2    | Found Covvotiu's Weapon Shop.
 20403 | D:12     | Killed a ghost moth
 20407 | D:12     | Succumbed to a ghost moth's poison

Skill      XL: |  1  2  3  4  5  6  7  8  9 10 11 12 13 |
---------------+----------------------------------------+-----
Fighting       | 4 5 6 7 8 9 11 12 13 | 13.1
Armour         | 3 4 5 6 8 9 10 11 12 | 12.8
Axes           | 4 5 6 8 9 10 11 12 | 12.1
Dodging        | 3 4 5 6 7 8 9 10 11 | 11.9
Evocations     | 2 5 6 8 9 10 | 10.7

Action                   |  1- 3 |  4- 6 |  7- 9 | 10-12 | 13-15 || total
-------------------------+-------+-------+-------+-------+-------++-------
Melee: Hand axe          |   145 |   189 |   267 |       |       ||   601
       War axe           |       |       |    48 |   549 |       ||   597
       Broad axe         |       |       |       |    11 |   170 ||   181
       Battleaxe         |       |       |       |       |   220 ||   220
Invok: Berserk           |     1 |     6 |    10 |    21 |    14 ||    52
       Trog's Hand       |       |       |     1 |    10 |    10 ||    21
       Burn Spellbooks   |       |       |       |     1 |       ||     1
       Brothers in Arms  |       |       |       |       |     4 ||     4
 Abil: Hop               |       |       |       |     2 |     2 ||     4
Evoke: Wand              |       |       |       |    21 |     3 ||    24
  Use: Scroll            |       |     7 |     3 |    12 |    10 ||    32
       Potion            |       |     3 |     8 |     7 |     1 ||    19
 Stab: Sleeping          |     1 |     3 |       |       |       ||     4
       Distracted        |       |       |     1 |       |       ||     1
  Eat: Chunk             |     3 |    12 |    12 |    27 |    24 ||    78
       Ration            |       |     2 |     2 |     7 |     3 ||    14
Armor: Animal skin       |    40 |    25 |       |       |       ||    65
       Ring mail         |       |    10 |    91 |     6 |       ||   107
       Skin              |       |       |    19 |       |       ||    19
       Scale mail        |       |       |       |   109 |       ||   109
       Chain mail        |       |       |       |   132 |   135 ||   267
Dodge: Dodged            |   144 |   123 |   199 |   487 |   300 ||  1253
